 Dungeon Sprint DCSS version 0.21-a0-278-ga722497 (webtiles) character file.

18165 Kidiri the Grappler (level 12, -5/99 HPs)
             Began as a Pale Draconian Transmuter on Sept 20, 2017.
             Was a High Priest of Wu Jian.
             Slain by a hell knight
             ... wielding a +5 demon blade
              (18 damage)
             ... in the Dungeon (Sprint VII: "The Pits").
             The game lasted 00:19:54 (2526 turns).

Kidiri the Grappler (Pale Draconian Transmuter)     Turns: 2526, Time: 00:19:56

Health: -5/99      AC:  9    Str: 15    XL:     12   Next: 25%
Magic:  25/29      EV: 24    Int: 19    God:    Wu Jian [*****.]
Gold:   18         SH:  0    Dex: 14    Spells: 22/37 levels left

rFire    . . .     SeeInvis .     - Unarmed
rCold    . . .     Gourm    .   (shield currently unavailable)
rNeg     . . .     Faith    .   (armour unavailable)
rPois    .         Spirit   .   (helmet restricted)
rElec    .         Reflect  .   u - +0 cloak
rCorr    .         Harm     .   (gloves currently unavailable)
MR       +....     NoTele   +   (no boots)
Stlth    +.........             (no amulet)
HPRegen  0.26/turn              p - +3 ring of evasion
MPRegen  0.21/turn              q - +3 ring of intelligence

@: blade hands, glowing, heavenly storm
A: breathe steam, unfitting armour, stinger 1, clever 1, frail 1, magic
resistance 1, cold-blooded, AC +8
a: Breathe Steam, End Transformation, Serpent's Lash, Heavenly Storm, Renounce
Religion


You were in the Dungeon.
You worshipped Wu Jian.
Wu Jian was extremely pleased with you.
You were not hungry.
You had blades for hands.
You visited 1 branch You collected 18 gold pieces.

Inventory:

Missiles
 A - 48 arrows
Armour
 t - a +0 pair of gloves (melded)
 u - a +0 cloak (worn)
Jewellery
 p - a +3 ring of evasion (left scythe-like blade)
 q - a +3 ring of intelligence (right scythe-like blade)
 w - an uncursed ring of protection from fire
 y - an uncursed ring of protection from magic
 B - an uncursed ring of resist corrosion
 C - an uncursed amulet of guardian spirit
Scrolls
 i - 2 scrolls of blinking
 k - 3 scrolls of remove curse
 l - 5 scrolls of amnesia
 m - a scroll of summoning
 z - a scroll of fear
 D - a scroll of fog
 E - 2 scrolls of recharging
 F - 4 scrolls of enchant weapon
 G - 2 scrolls of identify
Potions
 d - 10 potions of curing
 e - 13 potions of heal wounds
 f - 2 potions of haste
 g - 4 potions of magic
 h - 4 potions of berserk rage
 j - 2 potions of invisibility
 r - 3 potions of resistance
 s - a potion of brilliance
 x - a potion of cancellation
 H - a potion of agility
Books
 b - a book of Changes

   Spells                             Type                      Level
   a - Beastly Appendage              Transmutation                1
   b - Sticks to Snakes               Transmutation                2
   c - Spider Form                    Transmutation/Poison         3
   d - Ice Form                       Ice/Transmutation            4
   e - Blade Hands                    Transmutation                5
Comestibles
 a - 13 chunks of flesh
 c - 8 bread rations
 n - 39 fruits
 o - 7 meat rations
 v - 2 royal jellies


   Skills:
 + Level 11.5 Fighting
 * Level 13.4 Dodging
 * Level 14.5 Unarmed Combat
 * Level 13.4 Spellcasting
 + Level 10.6 Transmutations
 + Level 9.6 Ice Magic
 + Level 9.6 Poison Magic


You had 22 spell levels left.
You knew the following spells:

 Your Spells              Type           Power        Failure   Level  Hunger
a - Beastly Appendage     Tmut           ######       6%          1    None
b - Spider Form           Tmut/Pois      ######....   10%         3    None
c - Ice Form              Ice/Tmut       ######..     14%         4    None
d - Blade Hands           Tmut           ######....   21%         5    ####...
e - Sticks to Snakes      Tmut           ######..     7%          2    None


Dungeon Overview and Level Annotations

Branches:
Dungeon (1/1)

Altars:
Ashenzari
Cheibriados
Dithmenos
Elyvilon
Fedhas
Gozag
Hepliaklqana
Kikubaaqudgha
Makhleb
Nemelex Xobeh
Okawaru
Qazlal
Ru
Sif Muna
Trog
Uskayaw
Vehumet
Wu Jian
Xom
Yredelemnul
Zin
The Shining One
Beogh
Jiyva
Lugonu

Annotations:
D exclusions: 11 doors and 9 more exclusions


Innate Abilities, Weirdness & Mutations

You can breathe blasts of scalding, opaque steam.
Your pale cyan-grey scales are hard. (AC +8)
You cannot fit into any form of body armour.
You are cold-blooded and may be slowed by cold attacks.
Your tail ends in a poisonous barb.
Your mind is acute. (Int +2)
You are frail. (-10% HP)
You are resistant to hostile enchantments. (MR+)


Message History

The skeletal warrior is almost destroyed.
You repeatedly attack the skeletal warrior from above.
You slice the skeletal warrior!!
The skeletal warrior is almost destroyed.
You slash the skeletal warrior!
You destroy the skeletal warrior!
The Council accepts your kill.
The skeletal warrior hits you but does no damage.
The hell knight hits you with an enchanted demon blade!!
* * * LOW HITPOINT WARNING * * *
You see here 6 royal jellies.
Unknown command.
Okay, then.
Unknown command.
Unknown command.
You spin and attack the hell knight.
You slice the hell knight!! You tail-slap the hell knight!
The hell knight is almost dead.
The hell knight hits you with an enchanted demon blade!!
You die...

+..........# #..#....#..#
#..........+ #..........+
###''####''#
###''####''#########
#§§§§§.##...........
#§#§##§##..÷).......
#§#@§§§##..#########
#§§zp#§##..# #§#§§§§##..#
#++###########§+§§#§##..#
........##..##.##+#.##..#
.#......##..##.. ##).#
........''..#### #..#
........''..##########..#
.#......##..............#


You could see a hell knight and a skeletal warrior.

Vanquished Creatures
  An ettin (D)
  Erolcha (D)
  A hydra (D)
  A two-headed ogre (D)
  An alligator (D)
  A soul eater (D)
  A deep elf knight (D)
  A shadow wraith (D)
  An unseen horror (D)
  4 skeletal warriors (D)
  2 deep trolls (D)
  A swamp dragon (D)
  A harpy (shapeshifter) (D)
  A lindwurm (D)
  A phantasmal warrior (D)
  A manticore (D)
  An elephant (D)
  A rust devil (D)
  2 molten gargoyles (D)
  A kobold demonologist (D)
  4 polar bears (D)
  A troll (D)
  5 dream sheep (D)
  A hippogriff (D)
  A flying skull (D)
  A shadow (D)
  A wyvern (D)
  A ynoxinul (D)
  A fire bat (D)
  A basilisk (D)
  2 soldier ants (D)
  A porcupine (D)
  An eye of draining (D)
  An ice beast (D)
  3 sky beasts (D)
  A necrophage (D)
  An orc warrior (D)
  6 wolves (D)
  3 ogres (D)
  2 crocodiles (D)
  2 centaurs (D)
  A big kobold (D)
  A bullfrog (D)
  5 wights (D)
  A quasit (D)
  2 orc priests (D)
  5 orc wizards (D)
  A mummy (D)
  An adder skeleton (D)
  3 leopard geckos (D)
  7 orcs (D)
  A giant cockroach (D)
  A goblin (D)
  3 kobolds (D)
  A quokka (D)
  A frilled lizard (D)
  A leopard gecko simulacrum (D)
  A quokka skeleton (D)
  A rat (D)
102 creatures vanquished.

Vanquished Creatures (others)
  A deep elf death mage (D)
  A vault guard (D)
  A hellion (D)
  An orc warrior (D)
4 creatures vanquished.

Grand Total: 106 creatures vanquished

Notes
Turn   | Place    | Note
-------+----------+-------------------------------------------
     0 | D        | Kidiri the Draconian Transmuter began the quest for the Orb.
     0 | D        | Reached XP level 1. HP: 16/16 MP: 3/3
    48 | D        | Found a bloodstained altar of Trog.
    48 | D        | Found a deep blue altar of Sif Muna.
    48 | D        | Found a viscous altar of Jiyva.
    48 | D        | Found a hazy altar of Hepliaklqana.
    48 | D        | Found an opulent altar of Gozag.
    49 | D        | Found a glowing golden altar of the Shining One.
    49 | D        | Found a glowing silver altar of Zin.
    49 | D        | Found a basalt altar of Yredelemnul.
    49 | D        | Found a shimmering altar of Xom.
    49 | D        | Found an ornate altar of the Wu Jian Council.
    49 | D        | Found a sacrificial altar of Ru.
    49 | D        | Found a stormy altar of Qazlal.
    49 | D        | Found an iron altar of Okawaru.
    49 | D        | Found a sparkling altar of Nemelex Xobeh.
    49 | D        | Found a burning altar of Makhleb.
    49 | D        | Found a blossoming altar of Fedhas.
    49 | D        | Found a white marble altar of Elyvilon.
    49 | D        | Found a shadowy altar of Dithmenos.
    49 | D        | Found a snail-covered altar of Cheibriados.
    51 | D        | Found a radiant altar of Vehumet.
    51 | D        | Found a corrupted altar of Lugonu.
    51 | D        | Found a roughly hewn altar of Beogh.
    52 | D        | Found a hide-covered altar of Uskayaw.
    52 | D        | Found an ancient bone altar of Kikubaaqudgha.
    52 | D        | Found a shattered altar of Ashenzari.
    60 | D        | Became a worshipper of the Wu Jian Council
   121 | D        | Reached * piety under Wu Jian
   133 | D        | Reached XP level 2. HP: 16/24 MP: 3/5
   241 | D        | Killed a deep elf death mage
   265 | D        | Killed a vault guard
   283 | D        | Reached ** piety under Wu Jian
   418 | D        | Noticed a necrophage
   418 | D        | Noticed a bullfrog
   428 | D        | Killed a bullfrog
   428 | D        | Reached skill level 4 in Unarmed Combat
   428 | D        | Reached XP level 3. HP: 28/31 MP: 6/8
   428 | D        | Reached XP level 4. HP: 34/38 MP: 7/10
   440 | D        | Killed a necrophage
   440 | D        | Reached *** piety under Wu Jian
   440 | D        | Reached skill level 5 in Dodging
   440 | D        | Reached skill level 6 in Unarmed Combat
   440 | D        | Reached skill level 5 in Spellcasting
   440 | D        | Reached XP level 5. HP: 22/44 MP: 7/12
   463 | D        | Reached **** piety under Wu Jian
   487 | D        | Learned a level 3 spell: Spider Form
   505 | D        | Noticed an ogre
   540 | D        | Killed an ogre
   540 | D        | Reached skill level 5 in Fighting
   540 | D        | Reached skill level 7 in Unarmed Combat
   540 | D        | Reached skill level 1 in Poison Magic
   540 | D        | Reached XP level 6. HP: 21/56 MP: 3/15
   589 | D        | Learned a level 4 spell: Ice Form
   595 | D        | Learned a level 5 spell: Blade Hands
   778 | D        | Reached skill level 5 in Transmutations
   798 | D        | Reached ***** piety under Wu Jian
   798 | D        | Reached skill level 1 in Ice Magic
   803 | D        | Noticed an orc warrior
   803 | D        | Noticed a fire bat
   805 | D        | Killed a fire bat
   805 | D        | Your scales start taking on a pale cyan-grey colour.
   805 | D        | Reached XP level 7. HP: 52/61 MP: 11/17
   808 | D        | Reached skill level 8 in Unarmed Combat
   901 | D        | Noticed an unseen horror
   906 | D        | Killed an unseen horror
   906 | D        | Reached skill level 9 in Unarmed Combat
   906 | D        | Reached XP level 8. HP: 62/71 MP: 14/20
  1033 | D        | Noticed a shadow wraith
  1035 | D        | Killed a shadow wraith
  1035 | D        | Reached skill level 10 in Unarmed Combat
  1035 | D        | Reached skill level 5 in Poison Magic
  1035 | D        | Reached XP level 9. HP: 62/79 MP: 16/22
  1105 | D        | Noticed a kobold demonologist
  1108 | D        | Noticed Erolcha
  1109 | D        | Noticed a manticore
  1113 | D        | Killed a manticore
  1113 | D        | Reached skill level 5 in Ice Magic
  1114 | D        | Paralysed by Erolcha for 2 turns
  1116 | D        | Killed a kobold demonologist
  1117 | D        | Noticed a molten gargoyle
  1123 | D        | Killed Erolcha
  1123 | D        | Reached skill level 10 in Dodging
  1123 | D        | Reached skill level 11 in Unarmed Combat
  1123 | D        | Reached skill level 10 in Spellcasting
  1126 | D        | Killed a molten gargoyle
  1163 | D        | Killed a hellion
  1312 | D        | Noticed a phantasmal warrior
  1313 | D        | Killed a phantasmal warrior
  1313 | D        | Reached XP level 10. HP: 90/90 MP: 18/24
  1477 | D        | Noticed a deep troll
  1486 | D        | Killed a deep troll
  1582 | D        | Noticed a deep troll
  1587 | D        | Killed a deep troll
  1589 | D        | Reached skill level 12 in Unarmed Combat
  1593 | D        | Gained mutation: Your tail ends in a poisonous barb. [mutagenic meat]
  1594 | D        | Gained mutation: Your mind is acute. (Int +2) [mutagenic meat]
  1595 | D        | Gained mutation: You are resistant to hostile enchantments. (MR+) [mutagenic meat]
  1596 | D        | Gained mutation: You are frail. (-10% HP) [mutagenic meat]
  1652 | D        | Noticed a molten gargoyle
  1657 | D        | Killed a molten gargoyle
  1751 | D        | Noticed a swamp dragon
  1752 | D        | Noticed an alligator
  1756 | D        | Killed a swamp dragon
  1762 | D        | Killed an alligator
  1762 | D        | Reached XP level 11. HP: 89/89 MP: 22/26
  1811 | D        | Reached skill level 10 in Fighting
  1818 | D        | Reached skill level 13 in Unarmed Combat
  1819 | D        | Reached ****** piety under Wu Jian
  2139 | D        | Noticed a lindwurm
  2142 | D        | Killed a lindwurm
  2199 | D        | Noticed a harpy
  2203 | D        | Killed a harpy
  2231 | D        | Noticed an ettin
  2233 | D        | Learned a level 2 spell: Sticks to Snakes
  2236 | D        | Killed an ettin
  2280 | D        | Noticed a soul eater
  2287 | D        | Killed a soul eater
  2287 | D        | Reached skill level 10 in Transmutations
  2325 | D        | Noticed a seven-headed hydra
  2329 | D        | Killed an eight-headed hydra
  2332 | D        | Reached skill level 14 in Unarmed Combat
  2508 | D        | Noticed a skeletal warrior
  2508 | D        | Noticed a skeletal warrior
  2508 | D        | Noticed a skeletal warrior
  2508 | D        | Noticed a skeletal warrior
  2508 | D        | Noticed a skeletal warrior
  2508 | D        | Noticed a two-headed ogre
  2508 | D        | Noticed a deep elf knight
  2508 | D        | Noticed a hell knight
  2512 | D        | Killed a skeletal warrior
  2513 | D        | Killed a skeletal warrior
  2513 | D        | Reached XP level 12. HP: 51/99 MP: 22/29
  2517 | D        | Killed a two-headed ogre
  2526 | D        | Slain by a hell knight

Vault maps used:
D:        pitsprint

Skill      XL: |  1  2  3  4  5  6  7  8  9 10 11 |
---------------+----------------------------------+-----
Dodging        | 2 3 5 6 7 8 9 10 11 13 | 13.4
Spellcasting   | 4 5 6 7 8 9 10 11 13 | 13.4
Fighting       | 3 4 5 6 7 8 9 11 | 11.5
Unarmed Combat | 4 6 7 9 10 11 12 14 | 14.5
Transmutations | 3 4 5 6 7 8 9 10 | 10.6
Poison Magic   | 1 2 4 5 6 7 9 |  9.6
Ice Magic      | 1 3 4 6 7 9 |  9.6

Action                   |  1- 3 |  4- 6 |  7- 9 | 10-12 || total
-------------------------+-------+-------+-------+-------++-------
Melee: Unarmed           |    42 |    51 |    40 |   138 ||   271
       Headbutt          |     8 |     4 |       |       ||    12
       Tailslap          |     3 |     4 |     4 |    11 ||    22
       Kick              |     1 |     2 |       |       ||     3
       Punch             |       |     1 |     1 |     8 ||    10
 Cast: Beastly Appendage |     6 |     3 |       |       ||     9
       Spider Form       |       |     1 |       |       ||     1
       Blade Hands       |       |     1 |     4 |    12 ||    17
       Ice Form          |       |     1 |     1 |       ||     2
Invok: Heavenly Storm    |       |       |     3 |     6 ||     9
       Serpent's Lash    |       |       |     2 |     5 ||     7
 Abil: Breathe Steam     |       |       |     1 |       ||     1
  Use: Potion            |       |     3 |       |       ||     3
  Eat: Chunk             |       |     1 |     3 |    10 ||    14
       Fruit             |       |       |       |     1 ||     1
Armor: Skin              |     4 |     5 |     6 |     8 ||    23
Dodge: Dodged            |    40 |    17 |    22 |    87 ||   166

Table legend:
 A = Spawn XP
 B = Non-spawn XP
 C = Spawn XP percentage of total XP
 D = Spawn monster count
 E = Non-spawn monster count
 F = Spawn count percentage of total count
 G = Total turns spent on level
                    A         B        C        D         E        F      G
               +---------+---------+-------+---------+---------+-------+---------
         Total |       0 |   25951 |   0.0 |       0 |     102 |   0.0 |  2526
               +---------+---------+-------+---------+---------+-------+---------
             D |       0 |   25951 |   0.0 |       0 |     102 |   0.0 |  2526
               +---------+---------+-------+---------+---------+-------+---------
